 Dungeon Crawl Stone Soup version 0.31-a0-1074-g0b22e4e0f1 (webtiles) character file.

Game seed: 4879647073976800028

2094 DApurpleWHUMPUS the Thaumaturge (level 9, -2/45 HPs)
             Began as a Deep Elf Conjurer on Dec 8, 2023.
             Was an Initiate of Sif Muna.
             Killed from afar by a steam dragon (19 damage)
             ... with a ball of steam
             ... on level 6 of the Dungeon.
             The game lasted 00:09:42 (7089 turns).

DApurpleWHUMPUS the Thaumaturge (Deep Elf Conjurer) Turns: 7089, Time: 00:09:43

Health: -2/45      AC:  4    Str: 10    XL:     9   Next: 7%
Magic:  26/26      EV: 12    Int: 28    God:    Sif Muna [......]
Gold:   278        SH:  0    Dex: 13    Spells: 24/31 levels left

rFire   . . .        z - +11 scimitar of the Tired Shrikes {flame, SInv}
rCold   . . .        (no shield)
rNeg    . . .        a - +0 robe
rPois   .            (no helmet)
rElec   .            (no cloak)
rCorr   .            (no gloves)
SInv    +            h - +1 pair of boots
Will    .....        u - amulet of the acrobat
Stlth   ++           C - +6 ring of strength
HPRegen 0.27/turn    (no ring)
MPRegen 0.20/turn

%: acrobat
@: studying Polearms
A: no striking features
a: Renounce Religion


You were on level 6 of the Dungeon.
You worshipped Sif Muna.
Sif Muna was noncommittal.
You visited 2 branches of the dungeon, and saw 7 of its levels.

You collected 353 gold pieces.
You spent 75 gold pieces at shops.

Inventory:

Hand Weapons
 z - the +11 scimitar of the Tired Shrikes (weapon) {flame, SInv}
   (You found it on level 4 of the Dungeon)

   SInv:      It lets you see invisible.
Armour
 a - a +0 robe (worn)
 h - a +1 pair of boots (worn)
Magical Staves
 D - a staff of conjuration
Jewellery
 u - an amulet of the acrobat (around neck)
 v - an amulet of reflection
 x - a ring of protection from cold
 C - a +6 ring of strength (left hand)
 G - a ring of protection from fire
Wands
 o - a wand of polymorph (8)
 B - a wand of light (5)
Scrolls
 c - 7 scrolls of identify {unknown}
 e - 3 scrolls of teleportation {unknown}
 f - 3 scrolls of blinking {unknown}
 i - 2 scrolls of torment {unknown}
 k - a scroll of poison {unknown}
 p - 2 scrolls of enchant weapon {unknown}
 q - 2 scrolls of noise {unknown}
 r - a scroll of fear {unknown}
 w - a scroll of fog {unknown}
 y - a scroll of immolation {unknown}
 E - a scroll of amnesia {unknown}
 F - a scroll of brand weapon {unknown}
Potions
 b - a potion of magic
 d - a potion of curing
 g - 2 potions of might {unknown}
 j - a potion of resistance {unknown}
 l - a potion of invisibility {unknown}
 m - a potion of haste {unknown}
 n - a potion of attraction {unknown}
 s - a potion of enlightenment {unknown}
 t - 2 potions of heal wounds
 A - a potion of cancellation {unknown}


   Skills:
 - Level 2.4 Dodging
 - Level 2.4 Stealth
 * Level 11.7 Spellcasting
 * Level 8.4 Conjurations
 + Level 5.6 Necromancy


You had 24 spell levels left.
You knew the following spells:

 Your Spells              Type           Power      Damage    Failure   Level
a - Magic Dart            Conj           100%       1d8       1%          1
b - Searing Ray           Conj           100%       2d8       1%          2
c - Animate Dead          Necr           47%        N/A       3%          4

Your spell library contained the following spells:

 Spells                   Type           Power      Damage    Failure   Level
 Dazzling Flash           Conj/Hex       80%        N/A       1%          3
 Sting                    Tmut/Pois      64%        1d6       3%          1
 Poisonous Vapours        Pois/Air       32%        N/A       4%          2
 Fulminant Prism          Conj/Hex       20%        3d12      6%          4
 Iskenderun's Mystic Bla  Conj/Tloc      40%        2d9       6%          4
 Ozocubu's Armour         Ice            16%        N/A       10%         3
 Arcjolt                  Conj/Air       20%        1d30      17%         5
 Olgreb's Toxic Radiance  Pois           16%        N/A       32%         4
 Vhi's Electric Charge    Tloc/Air       32%        N/A       32%         4
 Simulacrum               Ice/Necr       16%        N/A       86%         6
 Plasma Beam              Fire/Air       8%         2x1d18    99%         6
 Haunt                    Necr/Summ      16%        N/A       100%        7
 Ozocubu's Refrigeration  Ice            8%         4d9       100%        7
 Infestation              Necr           23%        N/A       100%        8
 Polar Vortex             Ice            8%         12d1*     100%        9


Dungeon Overview and Level Annotations

Branches:
Dungeon (6/15)             Temple (1/1) D:5

Altars:
Ashenzari
Cheibriados
Dithmenos
Elyvilon
Fedhas
Gozag
Hepliaklqana
Kikubaaqudgha
Makhleb
Nemelex Xobeh
Okawaru
Qazlal
Ru
Sif Muna
Trog
Uskayaw
Wu Jian
Xom
Yredelemnul
Zin
The Shining One

Shops:
D:5 !


Message History

An adder comes into view.
The adder hisses angrily.
An adder is nearby!
An adder is nearby!
An adder is nearby!
You hit the adder. You burn the adder.
The adder is severely wounded.
The adder bites you. The adder closely misses you.
You miss the adder.
The adder is severely wounded.
The adder barely misses you. The adder bites you but does no damage.
You slash the adder! You burn the adder.
You kill the adder!
Sif Muna accepts your kill.
No target in view!
No target in view!
c - 7 scrolls labelled DOLARU REFEAKK (gained 1)
You swap places.
You swap places.
You see here an adder corpse.
Key pressed, stopping explore.
You swap places.
You swap places.
Key pressed, stopping explore.
A steam dragon comes into view.
The steam dragon hisses angrily.
There is a stone staircase leading down here.
The steam dragon misses you.
The steam dragon claws you but does no damage.
You slash the steam dragon! You burn the steam dragon.
The steam dragon is moderately wounded.
The steam dragon breathes steam at you. The ball of steam hits you!
The steam dragon bites you. The steam dragon claws you.
You hit the steam dragon. You burn the steam dragon.
The steam dragon is heavily wounded.
You are engulfed in a cloud of scalding steam.
The steam dragon breathes steam at you. The ball of steam hits you!!
You die...

#..Z.......#### ##...
#..Z..........######...
###....................
##...................
## ###.................
#.# ##................
#.# ##................
#.###.D.####..........
#....@...###..........
##..§......#..........
##.§##................
#..#####..............
##..# ###............
##..## ##...........
##...# ##..........
#....## #..###.....
####..# #..# ###...


You could see a steam dragon (catching breath).

Vanquished Creatures
  A troll (D:6)
  A yak (D:6)
  An acid dragon (D:6)
  Edmund (D:6)
  A water moccasin (D:6)
  An orc warrior (D:6)
  A black bear (D:5)
  2 ogres
  A phantom (D:6)
  A centaur (D:5)
  A bullfrog (D:6)
  3 scorpions
  2 howler monkeys (D:6)
  3 hounds
  A jelly (D:4)
  2 orc priests
  An iguana (D:5)
  5 orc wizards
  Terence (D:2)
  A gnoll (D:4)
  8 adders
  A shadow imp (D:6)
  2 white imps
  7 worms
  5 dart slugs
  18 orcs
  6 endoplasms
  6 giant cockroaches
  12 goblins
  7 hobgoblins
  2 jackals (D:5)
  A quokka (D:1)
  8 ball pythons
  4 bats
  A frilled lizard (D:3)
  4 kobolds
  3 rats
126 creatures vanquished.

Vanquished Creatures (collateral kills)
  An orc (D:6)
1 creature vanquished.

Vanquished Creatures (others)
  2 orc zombies (D:6)
2 creatures vanquished.

Grand Total: 129 creatures vanquished

Notes
Turn   | Place    | Note
-------+----------+-------------------------------------------
     0 | D:1      | DApurpleWHUMPUS the Deep Elf Conjurer began the quest for
                  | the Orb.
     0 | D:1      | Reached XP level 1. HP: 10/10 MP: 6/6
   142 | D:1      | Reached XP level 2. HP: 15/15 MP: 2/8
   337 | D:1      | Learned a level 2 spell: Searing Ray
   393 | D:1      | Reached skill level 4 in Spellcasting
   938 | D:1      | Reached XP level 3. HP: 19/19 MP: 8/10
  1829 | D:2      | Noticed Terence
  1834 | D:2      | Killed Terence
  1835 | D:2      | Reached skill level 5 in Spellcasting
  1835 | D:2      | Reached skill level 5 in Conjurations
  1835 | D:2      | Reached XP level 4. HP: 24/24 MP: 7/13
  2315 | D:3      | Found an iron altar of Okawaru.
  2527 | D:3      | Reached skill level 6 in Spellcasting
  2527 | D:3      | Reached XP level 5. HP: 12/28 MP: 3/15
  2835 | D:3      | Found a stormy altar of Qazlal.
  2838 | D:3      | Found a shadowy altar of Dithmenos.
  3181 | D:4      | Reached skill level 7 in Spellcasting
  3325 | D:4      | Identified the +11 scimitar of the Tired Shrikes {flame,
                  | SInv}
  3541 | D:4      | Reached XP level 6. HP: 32/32 MP: 16/18
  3830 | D:4      | Learned a level 4 spell: Animate Dead
  3977 | D:4      | Reached skill level 8 in Spellcasting
  4071 | D:4      | Reached skill level 1 in Necromancy
  4351 | D:5      | Entered Level 5 of the Dungeon
  4354 | D:5      | Reached XP level 7. HP: 36/36 MP: 16/20
  4722 | D:5      | Found an ornate altar of the Wu Jian Council.
  4786 | D:5      | Found a staircase to the Ecumenical Temple.
  4812 | D:5      | Found a broken altar of Ashenzari.
  4937 | D:5      | Reached skill level 9 in Spellcasting
  5040 | D:5      | Found Ischaoh's Distillery.
  5057 | Temple   | Entered the Ecumenical Temple
  5080 | Temple   | Became a worshipper of Sif Muna the Loreminder
  5332 | D:5      | Bought a potion of heal wounds for 75 gold pieces
  5593 | D:6      | Reached XP level 8. HP: 30/41 MP: 11/23
  5773 | D:6      | Reached skill level 5 in Necromancy
  5784 | D:6      | Noticed Edmund
  5793 | D:6      | Killed Edmund
  5794 | D:6      | Reached skill level 10 in Spellcasting
  6176 | D:6      | Noticed a troll
  6183 | D:6      | Killed a troll
  6184 | D:6      | Reached skill level 11 in Spellcasting
  6317 | D:6      | Reached XP level 9. HP: 28/45 MP: 26/26
  7089 | D:6      | Killed from afar by a steam dragon

Illustrated notes

Levels and vault maps discovered:
D:1:      dpeg_arrival_rhombus, layout_basic
D:2:      layout_basic, uniq_terence
D:3:      layout_basic, grunt_temple_overflow_open
D:4:      nicolae_BIG_FREAKIN_CUBE, layout_basic, serial_corexii_hall,
          chequers_hall_statues_corner_a, corexii_hall_statues_u,
          minmay_manual_mess
D:5:      layout_rooms, mainiacjoe_overflow_paths, old_standard_altar,
          minmay_temple_entry_drinking_statues, serial_shops, shop,
          nrook_mini_vaults
D:6:      minmay_cornered_nines, layout_layer_cave, uniq_edmund
Temple:   nicolae_temple_elliptical

Skill      XL: |  1  2  3  4  5  6  7  8 |
---------------+-------------------------+-----
Spellcasting   | 4 5 6 7 8 9 11 | 11.7
Conjurations   | 5 6 7 8 |  8.4
Necromancy     | 1 4 5 |  5.6
Dodging        | |  2.4
Stealth        | |  2.4

Action                     |  1- 3 |  4- 6 |  7- 9 || total
---------------------------+-------+-------+-------++-------
  Melee: Scimitar          |       |       |    48 ||    48
   Cast: Magic Dart        |    76 |   112 |    65 ||   253
         Searing Ray       |       |     8 |    12 ||    20
         Animate Dead      |       |       |     4 ||     4
    Use: Potion            |       |       |     3 ||     3
   Stab: Distracted        |       |       |     1 ||     1
 Armour: Robe              |     1 |    18 |    57 ||    76
  Dodge: Dodged            |     4 |    13 |    64 ||    81

Table legend: (Time is in decaauts)
 A = Elapsed time spent in this place.
 B = Non-inter-level travel time spent in this place.
 C = Inter-level travel time spent in this place.
 D = Time resting spent in this place.
 E = Time spent auto-exploring this place.
 F = Levels seen in this place.
 G = Mean time per level.
                   A        B        C        D        E       F      G
               +--------+--------+--------+--------+--------+-----+--------+
         Total |   7107 |   6884 |    223 |   1055 |   5123 |   7 | 1015.3 |
       Dungeon |   7060 |   6882 |    178 |   1055 |   5123 |   6 | 1176.7 |
        Temple |     46 |      1 |     45 |      0 |      0 |   1 |   46.0 |
               +--------+--------+--------+--------+--------+-----+--------+

Top non-repeatable levels by time:
     D:6: 1745 daAuts
     D:4: 1261 daAuts
     D:2: 1126 daAuts
     D:1: 1104 daAuts
     D:5: 926 daAuts
     D:3: 896 daAuts
  Temple: 46 daAuts
